 Dungeon Crawl Stone Soup version 0.31-a0-1574-g5526595cd0 (webtiles) character file.

Game seed: 13435885215277149617

522 Pimbus the Conjurer (level 7, -1/53 HPs)
             Began as a Black Draconian Conjurer on Jan 4, 2024.
             Was a Believer of Okawaru.
             Slain by Pikel
             ... wielding a +1 whip of flaming
              (2 damage)
             ... on level 4 of the Dungeon.
             The game lasted 01:15:24 (4984 turns).

Pimbus the Conjurer (Black Draconian Conjurer)      Turns: 4984, Time: 01:15:25

Health: -1/53      AC:  8    Str:  9    XL:     7   Next: 2%
Magic:  1/11       EV: 12    Int: 20    God:    Okawaru [**....]
Gold:   227        SH:  0    Dex: 10    Spells: 7/12 levels left

rFire   . . .        B - +2 quarterstaff (chaos)
rCold   . . .        (shield currently unavailable)
rNeg    . . .        (body armour unavailable)
rPois   .            (helmet restricted)
rElec   +            C - +0 cloak
rCorr   .            (no gloves)
SInv    .            o - +0 pair of boots
Will    +....        (no amulet)
Stlth   ++           (no ring)
HPRegen 0.28/turn    (no ring)
MPRegen 0.12/turn

%: no passive effects
@: short of breath, enlightened, flying
A: breathe lightning, AC +6, unfitting armour, electricity resistance,
cold-blooded
a: Breathe Lightning, Renounce Religion, Heroism


You were on level 4 of the Dungeon.
You worshipped Okawaru.
Okawaru was pleased with you.
You visited 1 branch of the dungeon, and saw 4 of its levels.

You collected 227 gold pieces.

Inventory:

Hand Weapons
 j - a +0 short sword of draining
 s - a +1 vampiric whip
 t - a +0 scythe
 B - a +2 quarterstaff of chaos (weapon)
 F - a +2 antimagic dagger
Missiles
 f - 6 boomerangs
 l - 44 stones
Armour
 h - a +0 kite shield
 o - a +0 pair of boots (worn)
 C - a +0 cloak (worn)
 I - a +0 tower shield
Jewellery
 E - a +6 ring of dexterity
Scrolls
 b - 3 scrolls of fog {unknown}
 d - a scroll of poison {unknown}
 g - 3 scrolls of teleportation {unknown}
 i - a scroll of summoning {unknown}
 k - a scroll of fear {unknown}
 n - a scroll of blinking {unknown}
 v - 2 scrolls of revelation {unknown}
 y - 2 scrolls of brand weapon {unknown}
 G - a scroll of identify {unknown}
Potions
 a - 2 potions of magic
 c - 2 potions of cancellation {unknown}
 e - a potion of invisibility {unknown}
 m - a potion of curing {unknown}
 p - 2 potions of haste {unknown}
 q - a potion of degeneration {unknown}
 u - a potion of mutation {unknown}
 w - a potion of berserk rage {unknown}
 x - a potion of might {unknown}
 z - a potion of lignification {unknown}
 A - a potion of resistance {unknown}
 D - 3 potions of heal wounds {unknown}


   Skills:
 + Level 1.9 Fighting
 + Level 1.7(1.8) Maces & Flails
 + Level 1.3(1.4) Polearms
 + Level 0.5(1.6) Staves
 + Level 0.2 Throwing
 + Level 2.5 Dodging
 + Level 2.5 Stealth
 + Level 0.7 Shields
 + Level 3.3 Spellcasting
 + Level 6.3 Conjurations


You had 7 spell levels left.
You knew the following spells:

 Your Spells              Type           Power      Damage    Failure   Level
a - Magic Dart            Conj           100%       1d8       1%          1
b - Searing Ray           Conj           56%        2d6       1%          2
c - Scorch                Fire           6%         2d5       22%         2

Your spell library contained the following spells:

 Spells                   Type           Power      Damage    Failure   Level
 Sting                    Conj/Alch      60%        1d6       3%          1
 Mercury Vapours          Alch/Air       6%         N/A       22%         2
 Flame Wave               Conj/Fire      15%        2d7       36%         4
 Fulminant Prism          Conj/Alch      7%         3d7       36%         4
 Iskenderun's Mystic Bla  Conj/Tloc      15%        2d5       36%         4
 Olgreb's Toxic Radiance  Alch           3%         N/A       80%         4
 Summon Cactus Giant      Summ           Unusable   N/A       N/A         6

Dungeon Overview and Level Annotations

Branches:
Dungeon (4/15)
 Temple: D:4-7

Altars:
Ashenzari
Okawaru
Sif Muna

Shops:
D:1 (   D:3 [

Annotations:
D:4 Pikel


Innate Abilities, Weirdness & Mutations

You can breathe wild blasts of lightning.
Your glossy black scales are hard. (AC +6)
You cannot fit into any form of body armour.
You are resistant to electric shocks. (rElec)
You are cold-blooded and may be slowed by cold attacks.


Message History

You sock the lemure! You freeze the lemure.
You kill the lemure!
That felt strangely unrewarding.
Pikel hits you with a +1 whip of flaming.
* * * LOW HITPOINT WARNING * * *
Pikel burns you.
* * * LOW HITPOINT WARNING * * *
The lemure barely misses you.
It was a potion of enlightenment.
You feel very buoyant.
You fly up into the air.
You have got your breath back.
Pikel zaps a wand.
You resist with some effort. The lemure closely misses you.
Activating: Breathe Lightning (5% risk of failure)
Press: ? - help, Dir - look around, f - activate Look: a lemure You breathe a wild blast of lightning!
The orb of electricity explodes!
The bolt of lightning hits the lemure.
The lemure is heavily wounded.
The orb of electricity explodes!
The orb of electricity engulfs the lemure!!!
You kill the lemure!
That felt strangely unrewarding.
The orb of electricity engulfs you. You resist.
* * * LOW HITPOINT WARNING * * *
The orb of electricity engulfs Pikel!
Pikel is heavily wounded.
The orb of electricity engulfs the endoplasm!!
You kill the endoplasm!
Okawaru accepts your kill.
The orb of electricity engulfs the lemure.
The lemure is lightly wounded.
Pikel hits you but does no damage.
You feel like a meek peon again. Pikel attacks as he pursues you!
Pikel hits you with a +1 whip of flaming.
* * * LOW HITPOINT WARNING * * *
Pikel burns you.
You die...
Pikel says, "Another soul for the market."

.... #...# ....#
#...## .....###....##
...##.........##
...........(...##
#.#.####5####.... ##
#.# ##.[...##.. . .##
#.#.#....K..#.# ..##
#>#.#....@..#.# ...##
#.#....._.....#
..<.####.#.#.......#.#
.....##..#.#.......#.#
..).†....#.##.....##.#
####.....#.####.####.#
##.##.#...........#
#.##...........###
################


You could see Pikel and a lemure.

Vanquished Creatures
  Sigmund (D:3)
  A black bear (D:4)
  3 lemures (D:4)
  A bombardier beetle (D:4)
  Crazy Yiuf (D:3)
  Jessica (D:2)
  An iguana (D:4)
  5 gnolls
  3 adders
  4 dart slugs
  A ribbon worm (D:4)
  8 orcs
  6 ball pythons
  2 bats
  5 endoplasms
  3 giant cockroaches
  7 goblins
  4 hobgoblins
  4 quokkas
  4 frilled lizards
  8 kobolds
  2 rats
75 creatures vanquished.

Notes
Turn   | Place    | Note
-------+----------+-------------------------------------------
     0 | D:1      | Pimbus the Draconian Conjurer began the quest for the Orb.
     0 | D:1      | Reached XP level 1. HP: 14/14 MP: 3/3
    45 | D:1      | Found Isekketo's Antique Weapon Shop.
   222 | D:1      | Reached XP level 2. HP: 20/20 MP: 0/5
   281 | D:1      | Learned a level 2 spell: Searing Ray
   288 | D:1      | Learned a level 2 spell: Scorch
   397 | D:1      | Found a faded altar of an unknown god.
   399 | D:1      | Prayed at the altar of an unknown god.
   399 | D:1      | Became a worshipper of Warmaster Okawaru
   399 | D:1      | Reached * piety under Okawaru
   752 | D:1      | Reached XP level 3. HP: 26/26 MP: 2/6
  1166 | D:2      | Reached skill level 5 in Conjurations
  1168 | D:2      | Reached XP level 4. HP: 34/34 MP: 1/7
  2051 | D:2      | Noticed Jessica
  2064 | D:2      | Killed Jessica
  2470 | D:3      | Found a shimmering blue altar of Sif Muna.
  2529 | D:3      | Reached XP level 5. HP: 39/39 MP: 0/8
  2651 | D:3      | Found Heholuyd's Armour Emporium.
  3146 | D:3      | Noticed Sigmund
  3153 | D:3      | Killed Sigmund
  3153 | D:3      | Reached ** piety under Okawaru
  3154 | D:3      | Reached skill level 1 in Fighting
  3154 | D:3      | Reached skill level 1 in Maces & Flails
  3154 | D:3      | Reached skill level 1 in Polearms
  3154 | D:3      | Reached XP level 6. HP: 44/47 MP: 1/10
  4165 | D:3      | Found a runed translucent door.
  4166 | D:3      | Noticed Crazy Yiuf
  4177 | D:3      | Killed Crazy Yiuf
  4178 | D:3      | Reached skill level 6 in Conjurations
  4702 | D:4      | Reached *** piety under Okawaru
  4703 | D:4      | Your scales start taking on a glossy black colour.
  4703 | D:4      | Reached XP level 7. HP: 53/53 MP: 0/11
  4703 | D:4      | Gained mutation: You are resistant to electric shocks.
                  | (rElec) [Black Draconian growth]
  4806 | D:4      | Found a broken altar of Ashenzari.
  4964 | D:4      | Noticed Pikel
  4984 | D:4      | HP: 1/53 [Pikel/+1 whip of flaming (5)]
  4984 | D:4      | Slain by Pikel

Illustrated notes

Levels and vault maps discovered:
D:1:      amcnicky_arrival_choice, layout_loops_cross, serial_shops,
          nicolae_shop_overgrown_old_shop, chequers_ecumenical_altar_twisty,
          minmay_close_crescents
D:2:      layout_basic, ebering_dispersal_statue_hall, uniq_jessica
D:3:      layout_basic, mainiacjoe_overflow_paths, serial_shops,
          nicolae_shop_trees, uniq_crazy_yiuf_cottage, uniq_sigmund
D:4:      layout_layer_cave, grunt_temple_overflow_lords_of_destruction,
          old_standard_altar, general_overflow_altar, item_on_display_a,
          uniq_pikel

Skill      XL: |  1  2  3  4  5  6 |
---------------+-------------------+-----
Conjurations   | 5 6 |  6.3
Dodging        | 2 |  2.5
Fighting       | 1 |  1.9
Maces & Flails | 1 |  1.7
Polearms       | 1 |  1.3
Stealth        | 2 |  2.5
Spellcasting   | 3 |  3.3
Staves         | |  0.5
Throwing       | |  0.2
Shields        | |  0.7

Action                     |  1- 3 |  4- 6 |  7- 9 || total
---------------------------+-------+-------+-------++-------
  Melee: Spear             |    59 |       |       ||    59
         Tailslap          |     5 |     5 |       ||    10
         Punch             |     1 |       |       ||     1
         Whip              |     2 |    25 |       ||    27
         Quarterstaff      |       |    10 |     5 ||    15
  Throw: Boomerang         |     2 |       |       ||     2
   Cast: Magic Dart        |     4 |       |       ||     4
         Searing Ray       |    10 |    42 |     4 ||    56
 Invoke: Heroism           |       |       |     1 ||     1
Ability: Breathe Lightning |       |       |     2 ||     2
    Use: Potion            |       |       |     1 ||     1
 Armour: Skin              |    25 |    47 |    14 ||    86
  Dodge: Dodged            |    34 |    34 |    10 ||    78
  Block: Kite shield       |       |     7 |       ||     7
         Tower shield      |       |     1 |       ||     1

Table legend: (Time is in decaauts)
 A = Elapsed time spent in this place.
 B = Non-inter-level travel time spent in this place.
 C = Inter-level travel time spent in this place.
 D = Time resting spent in this place.
 E = Time spent auto-exploring this place.
 F = Levels seen in this place.
 G = Mean time per level.
                   A        B        C        D        E       F      G
               +--------+--------+--------+--------+--------+-----+--------+
         Total |   5010 |   4947 |     63 |   1949 |   1843 |   4 | 1252.5 |
       Dungeon |   5010 |   4947 |     63 |   1949 |   1843 |   4 | 1252.5 |
               +--------+--------+--------+--------+--------+-----+--------+

Top non-repeatable levels by time:
     D:3: 2091 daAuts
     D:2: 1354 daAuts
     D:1: 1069 daAuts
     D:4: 496 daAuts
